 Dungeon Crawl Stone Soup version 0.27-a0-1196-g3e9cee4cb2 (webtiles) character file.

Game seed: 17307133690034940261

14912 Mesmaeker13 the Fighter (level 12, -1/112 HPs)
             Began as a Ghoul Monk on May 29, 2021.
             Slain by an eight-headed hydra (2 damage)
             ... on level 1 of the Lair of Beasts.
             The game lasted 00:18:51 (14982 turns).

Mesmaeker13 the Fighter (Ghoul Monk)               Turns: 14982, Time: 00:18:52

Health: -1/112     AC: 20    Str: 26    XL:     12   Next: 21%
Magic:  11/11      EV: 13    Int:  8    God:
Gold:   621        SH:  0    Dex:  7    Spells: 11/11 levels left

rFire    . . .     SeeInvis .   y - +8 spear of the Globe {freeze, Int+3}
rCold    + . .     Faith    .   (no shield)
rNeg     + + +     Spirit   .   M - +4 chain mail of Noon {+Blink Dex-4 Stlth+}
rPois    ∞         Reflect  .   L - +0 helmet
rElec    .         Harm     .   E - +0 cloak
rCorr    .         Rampage  .   (no gloves)
Will     .....                  p - +1 pair of boots
Stlth    ..........             j - amulet of magic regeneration
HPRegen  0.00/turn              f - +4 ring of evasion
MPRegen  0.37/turn              x - +6 ring of strength

@: no status effects
A: claws 1, cold resistance 1, negative energy resistance 3, inhibited
regeneration, torment resistance 2
a: Evoke Blink


You were on level 1 of the Lair of Beasts.
You visited 3 branches of the dungeon, and saw 13 of its levels.

You collected 621 gold pieces.

Inventory:

Hand Weapons
 y - the +8 spear of the Globe (weapon) {freeze, Int+3}
   (You found it on level 4 of the Dungeon)

   It has been specially enchanted to freeze those struck by it, causing extra
   injury to most foes and up to half again as much damage against particularly
   susceptible opponents.
   It can also slow down cold-blooded creatures.
   It affects your intelligence (+3).
Armour
 p - a +1 pair of boots (worn)
 B - +0 acid dragon scales
 E - a +0 cloak (worn)
 F - a +2 kite shield of cold resistance
 L - a +0 helmet (worn)
 M - the +4 chain mail of Noon (worn) {+Blink Dex-4 Stlth+}
   (You found it on level 11 of the Dungeon)

   It affects your dexterity (-4).
   It lets you blink.
   It makes you more stealthy.
Jewellery
 f - a +4 ring of evasion (left claw)
 j - an amulet of magic regeneration (around neck)
 x - a +6 ring of strength (right claw)
Wands
 i - a wand of polymorph (7)
 m - a wand of flame (7)
 C - a wand of mindburst (10)
 G - a wand of paralysis (5)
Scrolls
 a - 4 scrolls of fear
 b - 6 scrolls of teleportation
 g - a scroll of silence
 k - 2 scrolls of immolation
 l - 2 scrolls of vulnerability
 o - 3 scrolls of noise
 v - 6 scrolls of enchant armour
 w - a scroll of holy word
 A - a scroll of enchant weapon
 D - a scroll of torment
 I - a scroll of fog {unknown}
Potions
 c - 6 potions of curing
 d - 2 potions of attraction {unknown}
 e - a potion of lignification {unknown}
 h - 6 potions of ambrosia
 q - a potion of brilliance {unknown}
 r - 3 potions of cancellation
 s - 2 potions of degeneration {unknown}
 t - 3 potions of invisibility {unknown}
 u - 2 potions of might {unknown}
 z - 2 potions of flight {unknown}
 H - 3 potions of heal wounds


   Skills:
 + Level 11.8 Fighting
 + Level 9.5 Armour
 - Level 3.3 Dodging
 - Level 2.1 Stealth
 + Level 6.4 Shields
 + Level 11.8 Unarmed Combat


You had 11 spell levels left.
You didn't know any spells.
Your spell library contained the following spells:

 Spells                   Type           Power      Damage    Failure   Level
 Corona                   Hex            0%         N/A       91%         1
 Freeze                   Ice            0%         1d3       91%         1
 Magic Dart               Conj           0%         1d3       91%         1
 Shock                    Conj/Air       0%         1d3       91%         1
 Ensorcelled Hibernation  Hex/Ice        0%         N/A       97%         2
 Searing Ray              Conj           0%         3d3       97%         2
 Static Discharge         Conj/Air       0%         N/A       97%         2
 Confusing Touch          Hex            0%         N/A       99%         3
 Dazzling Flash           Conj/Hex       0%         N/A       99%         3
 Frozen Ramparts          Ice            0%         1d2       99%         3
 Ignite Poison            Fire/Tmut/Pois 0%         N/A       99%         3
 Ozocubu's Armour         Ice            0%         N/A       99%         3
 Swiftness                Air            0%         N/A       99%         3
 Tukima's Dance           Hex            0%         N/A       99%         3
 Airstrike                Air            0%         N/A       100%        4
 Fulminant Prism          Conj/Hex       0%         3d6       100%        4
 Hailstorm                Conj/Ice       0%         3d3       100%        4
 Iskenderun's Mystic Bla  Conj/Tloc      0%         2d3       100%        4
 Fireball                 Conj/Fire      0%         3d3       100%        5
 Lightning Bolt           Conj/Air       0%         1d11      100%        5
 Metabolic Englaciation   Hex/Ice        0%         N/A       100%        5
 Death Channel            Necr           0%         N/A       100%        6
 Starburst                Conj/Fire      0%         8x6d3     100%        6


Dungeon Overview and Level Annotations

Branches:
Dungeon (11/15)            Temple (1/1) D:6            Lair (1/6) D:11
    Orc (0/2) D:9

Altars:
Ashenzari
Cheibriados
Dithmenos
Elyvilon
Fedhas
Gozag
Hepliaklqana
Kikubaaqudgha
Makhleb
Nemelex Xobeh
Okawaru
Qazlal
Ru
Sif Muna
Trog
Uskayaw
Vehumet
Wu Jian
Xom
Yredelemnul
Zin
The Shining One


Innate Abilities, Weirdness & Mutations

You thrive by killing the living.
You are immune to poison.
You have sharp fingernails.
Your flesh is cold resistant. (rC+)
You are immune to negative energy. (rN+++)
You do not regenerate when monsters are visible.
You are immune to unholy pain and torment.


Message History

The eight-headed hydra bites you but does no damage.
The eight-headed hydra bites you! x2; The eight-headed hydra bites you.
The eight-headed hydra barely misses you.
The eight-headed hydra bites you.
You puncture the eight-headed hydra!
The eight-headed hydra seems to slow down.
You freeze the eight-headed hydra.
Your claw misses the eight-headed hydra.
The eight-headed hydra is heavily wounded.
The eight-headed hydra bites you but does no damage.
The eight-headed hydra bites you.
The eight-headed hydra completely misses you.
The eight-headed hydra bites you but does no damage.
The eight-headed hydra misses you. The eight-headed hydra bites you.
The eight-headed hydra bites you but does no damage.
The eight-headed hydra bites you!
* * * LOW HITPOINT WARNING * * *
You barely miss the eight-headed hydra.
The eight-headed hydra is heavily wounded.
Unknown command.
You completely miss the eight-headed hydra.
You claw the eight-headed hydra!!
The eight-headed hydra is severely wounded.
The eight-headed hydra bites you!
* * * LOW HITPOINT WARNING * * *
The eight-headed hydra bites you but does no damage.
The eight-headed hydra bites you.
* * * LOW HITPOINT WARNING * * *
The eight-headed hydra completely misses you.
The eight-headed hydra bites you.
* * * LOW HITPOINT WARNING * * *
The eight-headed hydra bites you.
* * * LOW HITPOINT WARNING * * *
The eight-headed hydra bites you.
* * * LOW HITPOINT WARNING * * *
The eight-headed hydra bites you but does no damage.
You puncture the eight-headed hydra! You freeze the eight-headed hydra.
The eight-headed hydra is almost dead.
The eight-headed hydra bites you.
You die...

#.. ##.## ##...# #.
#.# #...## .. #†#
##..# ... ##.## #...#
#.# #...# ##..#######
#.## ##.##
#.......... #..###..#
###.........
#..##..###....)......
#.........@D.........
##............##..../
.######......###PP###
###.. #...........##
#### #######....##
###..# ##.# #..##
##...#


You could see an eight-headed hydra (slow).

Vanquished Creatures
  A boulder beetle (D:8)
  2 hydras
  A two-headed ogre (D:11)
  A wizard (D:10)
  Pikel (D:4)
  A cane toad (Lair:1)
  Maggie (D:6)
  2 komodo dragons (D:11)
  A queen bee (D:11)
  A troll (D:11)
  Prince Ribbit (D:5)
  Sigmund (D:5)
  Eustachio (D:5)
  A vampire (D:7)
  4 wyverns (D:11)
  6 yaks
  A wraith (D:11)
  A steam dragon (D:8)
  8 vampire mosquitoes (D:11)
  Menkaure (D:6)
  Edmund (D:6)
  An acid dragon (D:10)
  4 water moccasins
  Duvessa (D:5)
  3 black bears (D:11)
  5 ice beasts
  6 orc warriors
  A wolf (D:11)
  An ogre (D:6)
  3 centaurs
  A kobold brigand (D:4)
  A phantom (D:7)
  2 bullfrogs
  A gnoll sergeant (D:9)
  2 scorpions
  Dowan (D:5)
  A water moccasin zombie (D:5)
  29 killer bees
  2 howler monkeys
  5 wights (D:10)
  2 electric eels (D:9)
  4 centaur zombies
  3 jellies
  Crazy Yiuf (D:7)
  5 orc priests
  A bullfrog skeleton (D:6)
  3 iguanas
  11 orc wizards
  A howler monkey zombie (D:5)
  9 gnolls
  8 adders
  An ufetubus (D:6)
  An adder skeleton (D:4)
  4 worms (D:2)
  4 dart slugs
  51 orcs
  20 endoplasms
  4 giant cockroaches
  6 goblins
  16 hobgoblins
  4 jackals (D:3)
  3 quokkas
  7 ball pythons
  4 bats
  3 frilled lizards
  20 kobolds
  6 rats
310 creatures vanquished.

Vanquished Creatures (others)
  A wizard (D:10)
  10 fungi
  10 plants (D:11)
  11 toadstools (D:3)
32 creatures vanquished.

Grand Total: 342 creatures vanquished

Notes
Turn   | Place    | Note
-------+----------+-------------------------------------------
     0 | D:1      | Mesmaeker13 the Ghoul Monk began the quest for the Orb.
     0 | D:1      | Reached XP level 1. HP: 19/19 MP: 0/0
    82 | D:1      | Reached XP level 2. HP: 22/26 MP: 1/1
   674 | D:1      | Reached XP level 3. HP: 33/33 MP: 2/2
  1151 | D:2      | Reached XP level 4. HP: 40/40 MP: 3/3
  1430 | D:2      | Found an ancient bone altar of Kikubaaqudgha.
  2076 | D:3      | Found a faded altar of an unknown god.
  2127 | D:3      | Reached skill level 1 in Armour
  2269 | D:3      | Reached XP level 5. HP: 47/47 MP: 4/4
  2278 | D:3      | Found a sparkling altar of Nemelex Xobeh.
  2286 | D:3      | Found a burning altar of Makhleb.
  2287 | D:3      | Found an ancient bone altar of Kikubaaqudgha.
  2288 | D:3      | Found a hide-covered altar of Uskayaw.
  2289 | D:3      | Found a basalt altar of Yredelemnul.
  3519 | D:4      | Found a stormy altar of Qazlal.
  3540 | D:4      | Found a bloodstained altar of Trog.
  3663 | D:4      | Reached XP level 6. HP: 42/55 MP: 5/5
  3803 | D:4      | Reached skill level 5 in Unarmed Combat
  4027 | D:4      | Reached skill level 5 in Fighting
  4209 | D:4      | Noticed an ice beast
  4223 | D:4      | Killed an ice beast
  4833 | D:4      | Reached XP level 7. HP: 45/61 MP: 6/6
  4841 | D:4      | Identified the +8 spear of the Globe {freeze, Int+3}
  4948 | D:5      | Entered Level 5 of the Dungeon
  4966 | D:5      | Noticed Pikel
  4998 | D:4      | Killed Pikel
  4999 | D:4      | Reached XP level 8. HP: 52/71 MP: 7/7
  5130 | D:5      | Noticed Eustachio
  5153 | D:5      | Killed Eustachio
  5276 | D:5      | Noticed Sigmund
  5294 | D:5      | Killed Sigmund
  5358 | D:5      | Noticed Duvessa
  5382 | D:5      | Noticed Dowan
  5810 | D:6      | Noticed Prince Ribbit
  5817 | D:5      | Killed Prince Ribbit
  5818 | D:5      | Reached skill level 5 in Armour
  5984 | D:6      | Noticed Edmund
  6007 | D:6      | Killed Edmund
  6008 | D:6      | Reached XP level 9. HP: 31/81 MP: 8/8
  6262 | D:6      | Noticed Menkaure
  6271 | D:6      | Killed Menkaure
  6802 | D:6      | Found a staircase to the Ecumenical Temple.
  6918 | Temple   | Entered the Ecumenical Temple
  7046 | D:6      | Noticed Maggie
  7066 | D:6      | Killed Maggie
  8018 | D:7      | Found a runed translucent door.
  8019 | D:7      | Noticed Crazy Yiuf
  8378 | D:7      | Killed Crazy Yiuf
  8631 | D:5      | Killed Duvessa
  8632 | D:5      | Reached XP level 10. HP: 91/91 MP: 9/9
  8635 | D:5      | Killed Dowan
  8966 | D:8      | Noticed a boulder beetle
  8992 | D:8      | Killed a boulder beetle
 10155 | D:9      | Reached skill level 10 in Fighting
 10155 | D:9      | Reached skill level 10 in Unarmed Combat
 10701 | D:9      | Found a staircase to the Orcish Mines.
 11244 | D:10     | Entered Level 10 of the Dungeon
 11355 | D:10     | Reached XP level 11. HP: 75/101 MP: 10/10
 11625 | D:10     | Noticed a wizard
 11788 | D:10     | Noticed a wizard
 11807 | D:10     | Killed a wizard
 11820 | D:10     | Killed a wizard
 12114 | D:10     | Identified the Handbook of Heat and Stolen Souls
 12549 | D:11     | Identified the +4 chain mail of Noon {+Blink Dex-4 Stlth+}
 12575 | D:11     | Noticed a two-headed ogre
 12585 | D:11     | Killed a two-headed ogre
 12845 | D:11     | Found a staircase to the Lair.
 12880 | D:11     | Reached skill level 5 in Shields
 13200 | D:11     | Found an iron altar of Okawaru.
 13862 | D:11     | Noticed an eight-headed hydra
 13878 | D:11     | Killed an eight-headed hydra
 14182 | D:11     | Reached XP level 12. HP: 110/110 MP: 11/11
 14622 | Lair:1   | Entered Level 1 of the Lair of Beasts
 14705 | Lair:1   | Noticed a five-headed hydra
 14751 | Lair:1   | Killed a five-headed hydra
 14965 | Lair:1   | Noticed an eight-headed hydra
 14981 | Lair:1   | HP: 1/112 [eight-headed hydra (5)]
 14982 | Lair:1   | Slain by an eight-headed hydra

Illustrated notes

Levels and vault maps discovered:
D:1:      evilmike_arrival_plus, layout_loops_ring
D:2:      layout_loops_ring, basic_altar, minmay_tripent
D:3:      cheibrodos_fertilizer, layout_rooms, minitemple,
          hellmonk_ecumenical_altar_arch_garden, chequers_serial_rivers_micro_d,
          minivault_27, roderic_roman_lattice, minmay_crystal_water
D:4:      cheibrodos_thug_alley, layout_cave_pods, grunt_temple_overflow_open
D:5:      layout_basic, uniq_sigmund, uniq_duvessa, uniq_eustachio, uniq_pikel
D:6:      layout_loops_cross, minmay_temple_entry_stoned_glass, uniq_maggie,
          uniq_prince_ribbit1, uniq_edmund, uniq_menkaure
D:7:      layout_gridville, uniq_crazy_yiuf_cottage
D:8:      layout_basic
D:9:      layout_loops_corners, erik_orc_2, serial_glass, glass_columns_c,
          glass_columns_b
D:10:     cheibrodos_wizards_tower, layout_basic
D:11:     minmay_skewed_foursquare, layout_loops_corners,
          minmay_lair_entry_grove, special_room [special_room_bee],
          okawaru_altar_gauntlet_db
Temple:   jpeg_temple_clearing
Lair:1:   layout_layer_cave, infiniplex_staircase_pool_2, serial_bayou_shore_b

Skill      XL: |  1  2  3  4  5  6  7  8  9 10 11 12 |
---------------+-------------------------------------+-----
Dodging        | 3 |  3.3
Fighting       | 4 5 6 7 9 10 11 | 11.8
Unarmed Combat | 4 5 6 7 9 10 11 | 11.8
Armour         | 1 2 3 4 5 6 8 9 |  9.5
Shields        | 3 5 6 |  6.4
Stealth        | |  2.1

Action                   |  1- 3 |  4- 6 |  7- 9 | 10-12 || total
-------------------------+-------+-------+-------+-------++-------
Melee: Unarmed           |   102 |   301 |   251 |   564 ||  1218
       Punch             |     1 |    10 |    12 |    30 ||    53
       Spear             |       |       |       |    30 ||    30
Evoke: Wand              |       |       |    11 |    17 ||    28
  Use: Scroll            |       |     1 |     2 |    12 ||    15
 Stab: Sleeping          |     8 |     3 |     2 |     1 ||    14
       Distracted        |       |     1 |       |       ||     1
       Paralysed         |       |       |       |     3 ||     3
Armor: Robe              |    13 |       |       |       ||    13
       Leather armour    |     8 |       |    30 |    45 ||    83
       Ring mail         |       |    58 |     3 |       ||    61
       Chain mail        |       |       |       |   178 ||   178
       Acid dragon scale |       |       |       |    47 ||    47
Dodge: Dodged            |    73 |   185 |   186 |   388 ||   832

Table legend: (Time is in decaauts)
 A = Elapsed time spent in this place.
 B = Non-inter-level travel time spent in this place.
 C = Inter-level travel time spent in this place.
 D = Time resting spent in this place.
 E = Time spent auto-exploring this place.
 F = Levels seen in this place.
 G = Mean time per level.
                   A        B        C        D        E       F      G
               +--------+--------+--------+--------+--------+-----+--------+
         Total |  14809 |  14197 |    612 |   3074 |   8466 |  13 | 1139.2 |
       Dungeon |  14366 |  13767 |    599 |   2890 |   8295 |  11 | 1306.0 |
        Temple |     83 |     70 |     13 |      0 |     69 |   1 |   83.0 |
          Lair |    359 |    359 |      0 |    184 |    102 |   1 |  359.0 |
               +--------+--------+--------+--------+--------+-----+--------+

Top non-repeatable levels by time:
    D:11: 2310 daAuts
     D:4: 1830 daAuts
     D:6: 1461 daAuts
     D:9: 1403 daAuts
     D:2: 1319 daAuts
     D:7: 1188 daAuts
     D:1: 1183 daAuts
    D:10: 992 daAuts
     D:3: 956 daAuts
     D:8: 870 daAuts
     D:5: 848 daAuts
  Lair:1: 359 daAuts
  Temple: 83 daAuts
